[Event "Titled Tuesday Blitz November 29 Early 2022"]
[White "Kleiman, Jake"]
[Black "Rosenberg, Evan S"]
[WhiteFideId "2020041"]
[BlackFideId "2019299"]
[WhiteElo "2625"]
[BlackElo "2405"]
[Result "1-0"]
[Round "04"]
[TimeControl "180+1"]
[Date "2022.11.30"]
[WhiteClock "0:00:06"]
[BlackClock "0:00:01"]

1. e4 e5 2. Nf3 Nc6 3. Bc4 Nf6 4. d3 h6 5. O-O d6 6. a4 g5 7. Re1 g4 8. Nfd2 h5 9. a5 a6 10. Nf1 h4 11. g3 hxg3 12. fxg3 Bh6 13. Bxh6 Rxh6 14. c3 Be6 15. Bxe6 fxe6 16. Qb3 Qd7 17. Qxb7 Rb8 18. Qxa6 Rxb2 19. Nbd2 d5 20. Re2 dxe4 21. dxe4 Ke7 22. Qc4 Qd6 23. a6 Rh8 24. Qa4 Qc5+ 25. Kg2 Nd7 26. Qa3 Qxa3 27. Rxa3 Ra8 28. Ne3 Nb6 29. Kf2 Rf8+ 30. Ke1 Ra8 31. Nxg4 Nb8 32. Nxe5 Rxa6 33. Nc6+ Kd6 34. Rxa6 Nxa6 35. Nd4 Na4 36. Nc4+ 1-0


[Site "https://www.chess.com"]

[Event "Titled Tuesday Blitz November 29 Early 2022"]
[White "Korchmar, Vasiliy"]
[Black "Ilkhomi, Jaloliddin"]
[WhiteFideId "24131750"]
[BlackFideId "14700948"]
[WhiteElo "2370"]
[BlackElo "2045"]
[Result "1-0"]
[Round "04"]
[TimeControl "180+1"]
[Date "2022.11.30"]
[WhiteClock "0:01:57"]
[BlackClock "0:00:01"]

1. e4 e6 2. d4 d5 3. e5 c5 4. c3 Nc6 5. Nf3 Bd7 6. Be2 cxd4 7. cxd4 Qb6 8. O-O Nge7 9. Na3 Nf5 10. Nc2 Be7 11. Bd3 Nfxd4 12. Nfxd4 Nxd4 13. Be3 Bc5 14. b4 Nxc2 15. Bxc5 Nxa1 16. Bxb6 axb6 17. Qxa1 O-O 18. Qd4 b5 19. Qb6 Bc6 20. Bxb5 Bxb5 21. Qxb5 Rxa2 22. Qxb7 d4 23. Qd7 Rd2 24. Qd6 d3 25. h4 g6 26. Rb1 Rc8 27. b5 Rcc2 28. Qd8+ Kg7 29. Qf6+ Kh6 30. b6 Re2 31. b7 d2 32. b8=Q Re1+ 33. Kh2 Rc8 34. Qxc8 Rh1+ 35. Rxh1 d1=Q 36. Qf8+ Kh5 37. Qg5# 1-0


[Site "https://www.chess.com"]

[Event "Titled Tuesday Blitz November 29 Early 2022"]
[White "Korkmaz, Necmettin"]
[Black "Quinones Garcia, Santiago"]
[WhiteFideId "6303285"]
[BlackFideId "4408497"]
[WhiteElo "2094"]
[BlackElo "2249"]
[Result "1-0"]
[Round "04"]
[TimeControl "180+1"]
[Date "2022.11.30"]
[WhiteClock "0:00:58"]
[BlackClock "0:00:15"]

1. e4 e6 2. d3 d5 3. Nd2 c5 4. Ngf3 Nc6 5. g3 Nf6 6. Bg2 Be7 7. O-O O-O 8. Re1 Nd7 9. e5 Qc7 10. Qe2 b5 11. Nf1 Bb7 12. Bf4 c4 13. d4 b4 14. c3 a5 15. h4 Rfb8 16. h5 a4 17. a3 bxa3 18. bxa3 Ba6 19. Ne3 Rb3 20. Qc2 Rab8 21. Ra2 Bxa3 22. Ng5 Nf8 23. Rea1 Bb2 24. Rxb2 Rxb2 25. Qxa4 Rb1+ 26. Rxb1 Rxb1+ 27. Kh2 Bb5 28. Qc2 Rb3 29. h6 Qa5 30. hxg7 Ng6 31. Nxd5 exd5 32. Bxd5 Nd8 33. Qf5 Be8 34. e6 Nxe6 35. Nxe6 Qa2 36. Be3 Rxc3 37. Nc7 Ne7 38. Qe5 Nxd5 39. Qxe8+ Kxg7 40. Nxd5 Rc2 41. Qe5+ Kg8 42. Nf6+ Kg7 43. Qg5+ Kf8 44. Nxh7+ Ke8 45. Qb5+ Kd8 46. Qb6+ Kd7 47. Nf6+ Kc8 48. Qc6+ Kb8 49. Nd7+ Ka7 50. Qb6+ Ka8 51. Qb8# 1-0


[Site "https://www.chess.com"]

[Event "Titled Tuesday Blitz November 29 Early 2022"]
[White "Kovacevic, Radmila"]
[Black "Izuzquiza Gonzalez, Javier"]
[WhiteFideId "933171"]
[BlackFideId "3101029"]
[WhiteElo "2208"]
[BlackElo "2034"]
[Result "1-0"]
[Round "04"]
[TimeControl "180+1"]
[Date "2022.11.30"]
[WhiteClock "0:00:31"]
[BlackClock "0:00:42"]

1. e4 c5 2. d4 cxd4 3. c3 dxc3 4. Nxc3 e6 5. f4 a6 6. Nf3 Qc7 7. Be3 Nc6 8. Be2 Nge7 9. O-O Ng6 10. Ng5 Be7 11. f5 exf5 12. Nd5 Qd8 13. exf5 Nge5 14. f6 gxf6 15. Ne4 Kf8 16. Bh6+ Ke8 17. Ndxf6+ Bxf6 18. Nxf6+ Ke7 19. Bg5 Qb6+ 20. Kh1 Kf8 21. Bh6+ Ke7 22. Nd5+ Ke8 23. Nxb6 Rb8 24. Qd6 Rg8 25. Bh5 Ng6 26. Rae1+ Kd8 27. Bg5+ 1-0


[Site "https://www.chess.com"]

[Event "Titled Tuesday Blitz November 29 Early 2022"]
[White "Kozak, Antoni"]
[Black "Ozates, Tuna"]
[WhiteFideId "21832030"]
[BlackFideId "6354521"]
[WhiteElo "2447"]
[BlackElo "2151"]
[Result "1-0"]
[Round "04"]
[TimeControl "180+1"]
[Date "2022.11.30"]
[WhiteClock "0:01:48"]
[BlackClock "0:00:27"]

1. d4 Nf6 2. Nf3 d5 3. c4 c6 4. Nc3 e6 5. e3 Nbd7 6. Be2 Bd6 7. O-O O-O 8. Qc2 Qe7 9. e4 dxe4 10. Nxe4 Nxe4 11. Qxe4 c5 12. Be3 Rb8 13. Bd3 f5 14. Qh4 Qxh4 15. Nxh4 cxd4 16. Bxd4 e5 17. Bc3 e4 18. Bc2 g5 19. Rad1 Be7 20. Nxf5 Rxf5 21. Bxe4 Nf6 22. Bxf5 Bxf5 23. Rfe1 Kf7 24. f3 Re8 25. Bd4 b6 26. Kf2 Rd8 27. b3 g4 28. Be3 Rg8 29. f4 g3+ 30. hxg3 Ne4+ 31. Kg1 Rxg3 32. Rd5 Be6 33. Re5 Nc5 34. Bf2 Rg4 35. f5 Bf6 36. fxe6+ Nxe6 37. Rxe6 1-0


[Site "https://www.chess.com"]

[Event "Titled Tuesday Blitz November 29 Early 2022"]
[White "Kukreja, Sankalp"]
[Black "Antonio, Jorge Carlos"]
[WhiteFideId "45027676"]
[BlackFideId "113190"]
[WhiteElo "2154"]
[BlackElo "2247"]
[Result "1-0"]
[Round "04"]
[TimeControl "180+1"]
[Date "2022.11.30"]
[WhiteClock "0:01:09"]
[BlackClock "0:01:02"]

1. e4 e6 2. d4 d5 3. Nc3 Bb4 4. Ne2 c5 5. a3 Bxc3+ 6. Nxc3 cxd4 7. Qxd4 Nf6 8. Bg5 h6 9. Bxf6 Qxf6 10. Qxf6 gxf6 11. exd5 e5 12. Nb5 Kd8 13. O-O-O a6 14. Nd6 Ke7 15. Nxc8+ Rxc8 16. d6+ Kd7 17. Bd3 Kd8 18. Bf5 Rc6 19. Rd3 Nd7 20. Rhd1 Nc5 21. Rg3 Ne6 22. Bxe6 fxe6 23. Rg8+ Kd7 24. Rxa8 1-0


[Site "https://www.chess.com"]

[Event "Titled Tuesday Blitz November 29 Early 2022"]
[White "Kukula, Pawel"]
[Black "Roman, Rodrigo"]
[WhiteFideId "1115081"]
[BlackFideId "3701220"]
[WhiteElo "2046"]
[BlackElo "1995"]
[Result "1-0"]
[Round "04"]
[TimeControl "180+1"]
[Date "2022.11.30"]
[WhiteClock "0:00:02"]
[BlackClock "0:00:01"]

1. e4 c5 2. Nf3 Nc6 3. b4 Nxb4 4. c3 Nc6 5. d4 cxd4 6. cxd4 e6 7. d5 Nce7 8. Nc3 Nf6 9. d6 Ng6 10. Nb5 Qb6 11. Nc7+ Kd8 12. Nxa8 Qb4+ 13. Bd2 Qxe4+ 14. Be2 Bxd6 15. O-O b6 16. Ng5 Qxa8 17. Nxf7+ Ke7 18. Nxd6 Kxd6 19. Bb4+ Kc7 20. Qd6+ Kd8 21. Rac1 Nd5 22. Bf3 Bb7 23. Rfd1 Rf8 24. Bxd5 Bxd5 25. Qc7+ Ke8 26. Qc8+ Kf7 27. Bxf8 Qxc8 28. Rxc8 Nxf8 29. a4 Bc6 30. Ra1 Ke7 31. a5 bxa5 32. Rxa5 Ng6 33. Rxa7 Bb5 34. Rc5 Be2 35. Rcc7 Bb5 36. Rab7 Ba4 37. f3 Nf4 38. Kf2 Nd5 39. Rc1 Kd6 40. Ra7 Bc6 41. h4 Ne7 42. g4 Ng6 43. Kg3 e5 44. h5 Nf4 45. Rd1+ Ke6 46. Ra2 Bd5 47. Ra6+ Bc6 48. Kf2 Ke7 49. Rb6 Nd5 50. Rb8 Nf4 51. Rh8 h6 52. Rc8 Ne6 53. Ke3 Nd4 54. Rxd4 exd4+ 55. Kxd4 Bxf3 56. g5 hxg5 57. Rc5 Kf6 58. Ra5 Bxh5 59. Ra6+ Kf7 60. Ra5 Kg6 61. Ke5 Kh7 62. Kf5 Bf7 63. Kxg5 Be6 64. Ra1 g6 65. Rh1+ Kg7 66. Rc1 Bf5 67. Rc7 Kf7 68. Ra7 Ke7 69. Kf4 Ke6 70. Ra6+ d6 71. Ra5 Bc2 72. Rb5 Bd3 73. Rb4 Kd5 74. Rb2 Bf5 75. Ke3 Kc5 76. Rd2 d5 77. Kf4 d4 78. Kf3 d3 79. Ke3 Kc4 80. Ra2 Kc3 81. Ra3+ Kc2 82. Ra2+ Kb3 83. Rg2 Kc3 84. Ra2 g5 85. Ra5 d2 86. Rc5+ Kb4 87. Rd5 1-0


[Site "https://www.chess.com"]

[Event "Titled Tuesday Blitz November 29 Early 2022"]
[White "Kuzmin, Roman"]
[Black "Schut, Han"]
[WhiteFideId "44134932"]
[BlackFideId "1005561"]
[WhiteElo "2197"]
[BlackElo "2024"]
[Result "0-1"]
[Round "04"]
[TimeControl "180+1"]
[Date "2022.11.30"]
[WhiteClock "0:00:01"]
[BlackClock "0:00:22"]

1. e4 c5 2. Nf3 d6 3. d4 cxd4 4. Nxd4 Nf6 5. Nc3 a6 6. Be2 e5 7. Nb3 Be7 8. Be3 Be6 9. O-O Nbd7 10. a4 Rc8 11. f3 Qc7 12. a5 Qc6 13. Qd2 d5 14. exd5 Bxd5 15. Nxd5 Nxd5 16. Bf2 Nf4 17. c3 Nc5 18. Nc1 Rd8 19. Qc2 Nce6 20. Nd3 O-O 21. Nxe5 Qd5 22. Nc4 Qg5 23. Bg3 Bc5+ 24. Kh1 h5 25. Rfd1 h4 26. Bxf4 Nxf4 27. Bf1 Rde8 28. Nd2 Re2 29. Ne4 Qg6 30. Rd2 Nxg2 31. Nxc5 Ne3 0-1


[Site "https://www.chess.com"]

[Event "Titled Tuesday Blitz November 29 Early 2022"]
[White "Kuznetsova, Olga"]
[Black "Sanchez, Robert"]
[WhiteFideId "4191323"]
[BlackFideId "2034360"]
[WhiteElo "2134"]
[BlackElo "2327"]
[Result "1-0"]
[Round "04"]
[TimeControl "180+1"]
[Date "2022.11.30"]
[WhiteClock "0:02:21"]
[BlackClock "0:02:00"]

1. d4 d5 2. Bf4 e6 3. e3 Nf6 4. Nd2 Be7 5. h4 O-O 6. h5 c6 7. h6 Nbd7 8. hxg7 Kxg7 9. Bd3 Rg8 10. g4 c5 11. g5 Ne4 12. Rxh7+ Kf8 13. Qh5 Qe8 14. Qh6+ 1-0


[Site "https://www.chess.com"]

[Event "Titled Tuesday Blitz November 29 Early 2022"]
[White "Larina, Maria"]
[Black "Rios Escobar, Adan"]
[WhiteFideId "24113182"]
[BlackFideId "3403645"]
[WhiteElo "1848"]
[BlackElo "2327"]
[Result "1-0"]
[Round "04"]
[TimeControl "180+1"]
[Date "2022.11.30"]
[WhiteClock "0:00:09"]
[BlackClock "0:00:06"]

1. e4 c5 2. Nc3 d6 3. d4 cxd4 4. Qxd4 Nc6 5. Qd2 g6 6. b3 Bh6 7. f4 Nf6 8. Bb2 O-O 9. Nge2 e5 10. g3 a5 11. a4 Re8 12. Bg2 Bg4 13. O-O Bxe2 14. Qxe2 Nd4 15. Qd1 Rc8 16. f5 Rc6 17. Kh1 Kg7 18. fxg6 hxg6 19. Rf2 Rh8 20. Nd5 Bg5 21. Bxd4 exd4 22. Qxd4 Re8 23. Raf1 Re6 24. Bh3 Re5 25. Nxf6 Bxf6 26. Rxf6 Qxf6 27. Rxf6 Kxf6 28. c4 Ke7 29. Bg2 Rcc5 30. Qd2 f6 31. Qf4 Ke6 32. Qg4+ f5 33. Qxg6+ Kd7 34. Qg7+ Kc8 35. Qf8+ Kc7 36. Qf7+ Kb6 37. h4 fxe4 38. Qf2 e3 39. Qf3 Rc7 40. Qe2 Rf7 41. Bf3 Rxf3 42. Qxf3 e2 43. Qf2+ Kc7 44. Qe1 Kd7 45. g4 Ke7 46. Kg2 Kf6 47. Kf3 Kg6 48. Qxe2 Rxe2 49. Kxe2 Kf6 50. Kf3 Ke5 51. h5 b6 52. h6 Kf6 53. Kf4 Kg6 54. g5 Kh7 55. Kf5 Kh8 56. g6 b5 57. axb5 d5 58. cxd5 a4 59. bxa4 Kg8 60. b6 Kf8 61. b7 Ke7 62. b8=Q Kd7 63. Qb7+ Kd8 64. h7 Ke8 65. h8=Q# 1-0


[Site "https://www.chess.com"]

[Event "Titled Tuesday Blitz November 29 Early 2022"]
[White "Le Ruyet, Leopold"]
[Black "Sailer, Mike"]
[WhiteFideId "645923"]
[BlackFideId "2012901"]
[WhiteElo "2276"]
[BlackElo "2109"]
[Result "0-1"]
[Round "04"]
[TimeControl "180+1"]
[Date "2022.11.30"]
[WhiteClock "0:00:01"]
[BlackClock "0:00:04"]

1. e4 d5 2. exd5 Qxd5 3. Nc3 Qd6 4. d4 Nf6 5. Nf3 c6 6. Ne5 Nbd7 7. Nc4 Qc7 8. a4 a5 9. Qf3 Nb6 10. Bf4 Qd8 11. Ne5 Nbd5 12. Bc4 Be6 13. Nxd5 Bxd5 14. Qe2 Bxc4 15. Nxc4 e6 16. O-O Be7 17. c3 O-O 18. Rad1 Nd5 19. Be5 Nb6 20. Qg4 g6 21. Ne3 Nxa4 22. Qg3 Nxb2 23. Rb1 Na4 24. Ng4 h5 25. Ne3 Nxc3 26. Rb2 a4 27. Qf4 a3 28. Qh6 Bf6 29. Rxb7 Bxe5 30. dxe5 a2 31. Rxf7 Rxf7 32. Qxg6+ Rg7 33. Qxe6+ Kh7 34. Qf5+ Kg8 35. Qe6+ Rf7 36. Qg6+ Kf8 37. e6 Rg7 38. Qf5+ Kg8 39. Ra1 Ne2+ 40. Kh1 Nd4 41. Qxh5 Nb3 42. Nf5 Nxa1 43. Nh6+ Kf8 44. Qf5+ Ke7 45. Qc5+ Kxe6 46. Qf5+ Ke7 47. Qe5+ Kf8 48. Qf5+ Ke8 49. Qe6+ Qe7 50. Qxc6+ Qd7 51. Qxa8+ Ke7 52. Qe4+ Qe6 53. Qb7+ Kf6 54. Qf3+ Ke7 55. Qb7+ Qd7 56. Qe4+ Kd8 57. Qa8+ Qc8 58. Qd5+ Rd7 59. Qg5+ Kc7 60. Qa5+ Kb7 61. Qb5+ Ka8 62. Qa5+ Ra7 63. Qd5+ Rb7 64. Qa5+ Kb8 65. Qe5+ Qc7 66. Qe8+ Ka7 67. Qa4+ Kb8 68. Qe8+ Qc8 69. Qe5+ Rc7 70. Qb5+ Qb7 71. Qe8+ Ka7 72. Qa4+ Qa6 73. Qd4+ Qb6 74. Qa4+ Kb8 75. Qe8+ Kb7 76. Qe4+ Qc6 77. Qb4+ Kc8 78. Qf8+ Kd7 79. Qf7+ Kd6 80. Qf8+ Kd5 81. Qf3+ Kd4 82. Qe3+ Kc4 83. Qc1+ Kb3 84. Qe3+ Kb2 85. Qd4+ Qc3 86. Qb6+ Nb3 87. h3 a1=Q+ 88. Kh2 Qe5+ 89. g3 Qc5 90. Qf6+ Qc3 91. Qf4 Rc4 92. Qf8 Qcc1 93. g4 Qg1# 0-1


[Site "https://www.chess.com"]

[Event "Titled Tuesday Blitz November 29 Early 2022"]
[White "Leenhouts, Koen"]
[Black "Maksimovic, Bojan"]
[WhiteFideId "1008439"]
[BlackFideId "14408120"]
[WhiteElo "2409"]
[BlackElo "2447"]
[Result "0-1"]
[Round "04"]
[TimeControl "180+1"]
[Date "2022.11.30"]
[WhiteClock "0:00:55"]
[BlackClock "0:01:19"]

1. d4 Nf6 2. c4 g6 3. Nc3 Bg7 4. e4 d6 5. f3 O-O 6. Be3 e5 7. d5 c6 8. Qd2 cxd5 9. cxd5 a6 10. a4 Nbd7 11. Bd3 Nh5 12. Nge2 Nc5 13. Bc2 a5 14. O-O b6 15. Nb5 Ba6 16. Nec3 Nf4 17. g3 Nh5 18. Kg2 f5 19. Rae1 f4 20. Bf2 fxg3 21. hxg3 Qd7 22. Be3 Rf7 23. b3 Raf8 24. Bg5 Bc8 25. g4 Rxf3 26. Rxf3 Qxg4+ 27. Kh2 Rxf3 28. Rg1 Qh3# 0-1


[Site "https://www.chess.com"]

[Event "Titled Tuesday Blitz November 29 Early 2022"]
[White "Lenderman, Aleksandr"]
[Black "Ohanyan, Emin"]
[WhiteFideId "2021285"]
[BlackFideId "13312022"]
[WhiteElo "2607"]
[BlackElo "2352"]
[Result "1-0"]
[Round "04"]
[TimeControl "180+1"]
[Date "2022.11.30"]
[WhiteClock "0:00:09"]
[BlackClock "0:00:01"]

1. e4 e5 2. Nf3 Nc6 3. Nc3 Nf6 4. a4 Bb4 5. Bd3 O-O 6. Nd5 Bc5 7. c3 a5 8. O-O d6 9. Bc2 Nxd5 10. exd5 Ne7 11. d4 exd4 12. cxd4 Bb6 13. Ng5 h6 14. Qh5 Bf5 15. Bxf5 Nxf5 16. Nf3 Nxd4 17. Nxd4 Bxd4 18. Ra3 Qf6 19. Rg3 Be5 20. Rg4 Kh7 21. Re1 Rae8 22. Rge4 Qg6 23. Qxg6+ Kxg6 24. Kf1 f5 25. Rc4 Rc8 26. Bd2 c6 27. dxc6 Rxc6 28. Rxc6 bxc6 29. Bxa5 Ra8 30. b4 c5 31. Bb6 cxb4 32. a5 b3 33. Ke2 Bc3 34. Rb1 Bxa5 35. Rxb3 Rb8 36. Rg3+ Kf6 37. Bxa5 Rb2+ 38. Bd2 g5 39. Rd3 Ke6 40. h4 f4 41. hxg5 hxg5 42. g3 d5 43. gxf4 gxf4 44. Kf3 Rb1 45. Bxf4 Rh1 46. Re3+ Kf6 47. Bg3 Rd1 48. Re8 Kf5 49. Rd8 Ke6 50. Rd6+ Ke7 51. Rh6 Kd7 52. Ke3 Ke7 53. f4 Kf7 54. f5 Rf1 55. Bf4 d4+ 56. Ke4 d3 57. Rd6 Re1+ 58. Kxd3 Rf1 59. Ke4 Re1+ 60. Be3 Rh1 61. Rd7+ Ke8 62. Ra7 Re1 63. f6 Kf8 64. Kf4 Rf1+ 65. Kg5 Rg1+ 66. Bxg1 1-0


[Site "https://www.chess.com"]

[Event "Titled Tuesday Blitz November 29 Early 2022"]
[White "Leve, Nitai"]
[Black "Petrovic, Aleksa"]
[WhiteFideId "2006898"]
[BlackFideId "967629"]
[WhiteElo "2144"]
[BlackElo "2224"]
[Result "1-0"]
[Round "04"]
[TimeControl "180+1"]
[Date "2022.11.30"]
[WhiteClock "0:00:09"]
[BlackClock "0:00:04"]

1. e4 e6 2. d4 d5 3. Nd2 c5 4. exd5 exd5 5. Ngf3 Nf6 6. dxc5 Bxc5 7. Bd3 O-O 8. O-O Qd6 9. h3 Bxh3 10. gxh3 Qg3+ 11. Kh1 Qxh3+ 12. Nh2 Nc6 13. Qf3 Qh4 14. Qg3 Qh5 15. Rg1 g6 16. Nb3 Ne4 17. Bxe4 dxe4 18. Nxc5 Qxc5 19. c3 Ne5 20. Be3 Qd5 21. Rad1 Qe6 22. Bd4 Nc6 23. Ng4 Nxd4 24. Rxd4 f5 25. Qe5 Qxe5 26. Nxe5 Rae8 27. Nc4 Re7 28. Rgd1 f4 29. Re1 e3 30. fxe3 f3 31. Rf1 Re5 32. Rf4 Rxf4 33. exf4 Re4 34. Nd6 Rxf4 35. Nxb7 g5 36. Kg1 g4 37. Kf2 h5 38. Rh1 Rf5 39. Nd6 Rd5 40. Ne4 Kg7 41. c4 Re5 42. Ng3 Kg6 43. Rxh5 Rxh5 44. Nxh5 Kxh5 45. c5 Kh4 46. c6 g3+ 47. Kxf3 Kh3 48. c7 g2 49. c8=Q+ Kh2 50. Qh8+ Kg1 51. Qg7 1-0


[Site "https://www.chess.com"]

[Event "Titled Tuesday Blitz November 29 Early 2022"]
[White "Lopez Del Alamo, Antonio"]
[Black "Dushyant Sharma"]
[WhiteFideId "2227339"]
[BlackFideId "25065130"]
[WhiteElo "2175"]
[BlackElo "2270"]
[Result "0-1"]
[Round "04"]
[TimeControl "180+1"]
[Date "2022.11.30"]
[WhiteClock "0:00:17"]
[BlackClock "0:00:56"]

1. e4 e5 2. Bc4 Nc6 3. d3 Nf6 4. Nc3 Be7 5. f4 d6 6. Nf3 Be6 7. Bb5 exf4 8. d4 a6 9. Bxc6+ bxc6 10. Bxf4 O-O 11. O-O Rb8 12. b3 c5 13. dxc5 d5 14. Be3 dxe4 15. Ng5 Bd5 16. Rxf6 Bxf6 17. Qxd5 Bxc3 18. Qxe4 g6 19. Rf1 Re8 20. Qf3 f6 21. Nxh7 Rxe3 22. Qxe3 Bd4 23. Nxf6+ Kh8 0-1


[Site "https://www.chess.com"]

[Event "Titled Tuesday Blitz November 29 Early 2022"]
[White "Makhmudov, Shukhrat"]
[Black "D`Arruda, Ricardo D."]
[WhiteFideId "14200775"]
[BlackFideId "100692"]
[WhiteElo "2135"]
[BlackElo "2467"]
[Result "1/2-1/2"]
[Round "04"]
[TimeControl "180+1"]
[Date "2022.11.30"]
[WhiteClock "0:01:40"]
[BlackClock "0:01:41"]

1. e4 c5 2. Nf3 Nc6 3. d4 cxd4 4. Nxd4 e5 5. Nb5 a6 6. Nd6+ Bxd6 7. Qxd6 Qe7 8. Qxe7+ Ngxe7 9. Nc3 Nb4 10. Bd3 d5 11. Nxd5 Nexd5 12. exd5 Nxd3+ 13. cxd3 Bf5 14. b3 Rd8 15. d6 Rxd6 16. Bb2 Bxd3 17. Bxe5 Re6 18. O-O-O Rxe5 19. Rxd3 Ke7 20. Kd2 Rc8 21. Re1 Rxe1 22. Kxe1 Rc2 23. Rd2 Rxd2 24. Kxd2 Kd6 25. Kd3 Kd5 26. b4 b6 27. f3 f6 28. g3 g6 29. f4 f5 30. h3 h6 31. g4 h5 32. gxh5 gxh5 33. h4 a5 34. bxa5 bxa5 35. a4 Kc5 36. Kc3 Kd5 37. Kd3 Kc5 38. Kc3 Kd5 39. Kd3 1/2-1/2


[Site "https://www.chess.com"]

[Event "Titled Tuesday Blitz November 29 Early 2022"]
[White "Maksimenko, Viktor"]
[Black "Koridze, Lile"]
[WhiteFideId "13710478"]
[BlackFideId "13612514"]
[WhiteElo "2277"]
[BlackElo "2050"]
[Result "1-0"]
[Round "04"]
[TimeControl "180+1"]
[Date "2022.11.30"]
[WhiteClock "0:00:51"]
[BlackClock "0:00:07"]

1. d4 Nf6 2. c4 e6 3. g3 d5 4. Bg2 Bb4+ 5. Bd2 Be7 6. Nf3 O-O 7. Qc2 c6 8. h4 b6 9. h5 h6 10. Nc3 Bb7 11. e4 dxe4 12. Nxe4 Nbd7 13. Bc3 c5 14. Nxf6+ Nxf6 15. O-O-O cxd4 16. Rxd4 Qc7 17. g4 e5 18. Rdd1 Nxg4 19. Rhg1 e4 20. Nd4 Qf4+ 21. Kb1 Rad8 22. Bh3 f5 23. Ne6 Rxd1+ 24. Qxd1 Qxf2 25. Bxg4 fxg4 26. Qxg4 Rf7 27. Nxg7 Kf8 28. Ne6+ Ke8 29. Rd1 Qf5 30. Ng7+ Rxg7 31. Qxf5 1-0


[Site "https://www.chess.com"]

[Event "Titled Tuesday Blitz November 29 Early 2022"]
[White "Malyi, Viacheslav"]
[Black "Drozdowski, Kacper"]
[WhiteFideId "14123983"]
[BlackFideId "1136720"]
[WhiteElo "2291"]
[BlackElo "2485"]
[Result "0-1"]
[Round "04"]
[TimeControl "180+1"]
[Date "2022.11.30"]
[WhiteClock "0:01:21"]
[BlackClock "0:01:36"]

1. e4 c5 2. Nf3 e6 3. g3 Nc6 4. Bg2 Nf6 5. Qe2 d5 6. e5 Nd7 7. O-O Be7 8. Re1 Rb8 9. h4 b5 10. d3 h6 11. h5 Qc7 12. Bf4 a5 13. c4 dxc4 14. dxc4 bxc4 15. Qxc4 Rxb2 16. Nc3 Nb6 17. Qe4 Bb7 18. Qd3 Nb4 19. Qb5+ Bc6 20. Qxa5 O-O 21. Rab1 Rxb1 22. Rxb1 Ra8 23. Nb5 Qb7 24. Nd6 Bxd6 0-1


[Site "https://www.chess.com"]

[Event "Titled Tuesday Blitz November 29 Early 2022"]
[White "Manelyuk, Daniil"]
[Black "Remizov, Yaroslav"]
[WhiteFideId "44173920"]
[BlackFideId "34134015"]
[WhiteElo "2209"]
[BlackElo "2414"]
[Result "0-1"]
[Round "04"]
[TimeControl "180+1"]
[Date "2022.11.30"]
[WhiteClock "0:00:10"]
[BlackClock "0:00:07"]

1. e4 e6 2. d4 d5 3. Nd2 c5 4. exd5 Qxd5 5. Ngf3 cxd4 6. Bc4 Qd7 7. O-O Nf6 8. Nb3 Nc6 9. Nbxd4 Nxd4 10. Nxd4 a6 11. Re1 Be7 12. c3 b5 13. Bb3 Bb7 14. Qe2 Bd5 15. Bg5 Bxb3 16. axb3 O-O 17. Nf5 Bd8 18. Rad1 Qc7 19. Rxd8 Qxd8 20. Rd1 Qc7 21. Nh6+ Kh8 22. Bxf6 gxf6 23. Qf3 f5 24. g4 Rad8 25. gxf5 Rxd1+ 26. Qxd1 Qe5 27. Kh1 Qe4+ 28. f3 Qe5 29. fxe6 fxe6 30. Ng4 Qf4 31. Kg2 h5 32. Nf2 Rg8+ 33. Kf1 Qxh2 34. Qd4+ e5 35. Qe4 Qf4 36. Qd5 Rf8 37. Ke2 Qf5 38. Qc6 Qf6 39. Qc5 Qxf3+ 40. Ke1 Qf4 41. Qd6 Qxf2+ 42. Kd1 Qf3+ 43. Kc2 Qe2+ 44. Kb1 Qe4+ 45. Ka2 Qf5 46. Qb6 Qf6 47. Qa5 h4 48. Qb4 Qh6 49. Qg4 h3 50. Qg3 Qh5 51. Qh2 Rg8 52. b4 Rg2 53. Qh1 h2 54. Qxg2 h1=Q 55. Qf2 Q1h3 56. Qb6 Kh7 57. Qb7+ Kh6 58. Qb6+ Kg5 59. Qc5 Qf5 60. Qb6 Qhg6 61. Qd8+ Qgf6 62. Qd2+ Qf4 63. Qg2+ Kf5 64. Qh3+ Qg4 65. Qh7+ Qfg6 66. Qd7+ Kf4 67. Qd2+ Kf3 68. Qd1+ Kg3 69. Qe1+ Kf4 70. Qd2+ Kf5 71. Qd7+ Kf6 72. Qd6+ Qe6+ 73. Qxe6+ Kxe6 74. c4 e4 75. cxb5 axb5 76. Kb3 e3 77. Ka2 Qe4 78. b3 e2 79. Ka3 e1=Q 80. Ka2 Q1b1+ 81. Ka3 Qa1# 0-1


[Site "https://www.chess.com"]

[Event "Titled Tuesday Blitz November 29 Early 2022"]
[White "Manon-og, Ramon Jr."]
[Black "Balabayeva, Xeniya"]
[WhiteFideId "5200776"]
[BlackFideId "13719688"]
[WhiteElo "2335"]
[BlackElo "2041"]
[Result "1/2-1/2"]
[Round "04"]
[TimeControl "180+1"]
[Date "2022.11.30"]
[WhiteClock "0:00:20"]
[BlackClock "0:00:01"]

1. e4 e6 2. d4 d5 3. Nd2 Nf6 4. e5 Nfd7 5. Ngf3 c5 6. c3 Nc6 7. Bd3 Qb6 8. dxc5 Bxc5 9. Qe2 Qc7 10. Nb3 Be7 11. Bf4 a6 12. O-O h6 13. Rad1 g5 14. Bg3 h5 15. h4 gxh4 16. Nxh4 Ncxe5 17. Bc2 Qc4 18. Qxc4 Nxc4 19. Rfe1 Nxb2 20. Rd2 Nc4 21. Rde2 b6 22. Ng6 Rg8 23. Nxe7 Kxe7 24. Nd4 Bb7 25. Bh7 Rh8 26. Bd3 h4 27. Bh2 Rag8 28. Nf5+ Kd8 29. Nd4 e5 30. Nf5 f6 31. Bxc4 dxc4 32. f4 h3 33. g3 exf4 34. Nd6 Bf3 35. Nf7+ Kc7 36. Nxh8 Bxe2 37. Rxe2 Rxh8 38. gxf4 Rg8+ 39. Kf1 Nc5 40. f5+ Kd7 41. Re3 Nd3 42. Rxh3 Rg5 43. Rh4 Rxf5+ 44. Kg1 b5 45. Rh7+ Kc6 46. Ra7 Kb6 47. Rd7 Ne5 48. Re7 Nf3+ 49. Kg2 Nxh2 50. Kxh2 Rf2+ 51. Kg3 Rxa2 52. Re6+ Ka5 53. Rxf6 Rc2 54. Rf3 Ka4 55. Kf4 Kb3 56. Ke4 Rxc3 57. Rf1 Rc2 58. Kd4 a5 59. Kc5 b4 60. Kb5 c3 61. Kxa5 Re2 62. Rb1+ Rb2 63. Rf1 c2 64. Rf3+ Ka2 65. Rf1 Rb1 66. Rf2 b3 67. Ka4 Ka1 68. Ka3 c1=Q+ 69. Kb4 Qe1+ 70. Rd2 Qxd2+ 71. Ka3 Qd6+ 72. Ka4 1/2-1/2


[Site "https://www.chess.com"]

[Event "Titled Tuesday Blitz November 29 Early 2022"]
[White "Manukyan, Artyom"]
[Black "Mgeladze, Tamaz"]
[WhiteFideId "13305786"]
[BlackFideId "13601202"]
[WhiteElo "2078"]
[BlackElo "2288"]
[Result "1/2-1/2"]
[Round "04"]
[TimeControl "180+1"]
[Date "2022.11.30"]
[WhiteClock "0:00:08"]
[BlackClock "0:00:11"]

1. e4 c5 2. Nc3 g6 3. d4 cxd4 4. Qxd4 Nf6 5. Nf3 Nc6 6. Qa4 d6 7. e5 dxe5 8. Nxe5 Bg7 9. Bb5 O-O 10. Nxc6 bxc6 11. Bxc6 Rb8 12. O-O Bb7 13. Bxb7 Rxb7 14. Rd1 Qb8 15. Nd5 Nxd5 16. Rxd5 Bxb2 17. Bxb2 Rxb2 18. Rad1 Rc8 19. Qa3 Rbxc2 20. Qxe7 Rc1 21. g3 Rxd1+ 22. Rxd1 Re8 23. Qd7 a5 24. h4 h5 25. a4 Qe5 26. Qd5 Qe2 27. Rd4 Re5 28. Qd8+ Kg7 29. Rf4 Rf5 30. Rxf5 Qe1+ 31. Kg2 gxf5 32. Qg5+ Kf8 33. Qxf5 Qb4 34. Qc2 Kg7 35. Qc6 Kf8 36. Qc8+ Ke7 37. Qc6 f5 38. Kf3 Qg4+ 39. Ke3 f4+ 40. gxf4 Qxh4 41. Qc7+ Ke8 42. Qxa5 Qh3+ 43. f3 h4 44. Qe5+ Kf7 45. a5 Qh1 46. Qh5+ Kg7 47. Qg5+ Kh7 48. Qf5+ Kg7 49. Qg4+ Kh7 50. f5 h3 51. Qg6+ Kh8 52. f6 Qe1+ 53. Kf4 Qd2+ 54. Ke5 Qxa5+ 55. Ke4 Qb4+ 56. Kd5 Qb3+ 57. Kd4 Qb2+ 58. Kc5 Qc3+ 59. Kd5 Qxf3+ 60. Kd6 Qf4+ 61. Ke7 Qe5+ 62. Kd8 Qd6+ 63. Kc8 Qe6+ 64. Kd8 Qg8+ 65. Qxg8+ Kxg8 66. Ke7 h2 67. f7+ Kh7 68. f8=Q h1=Q 69. Qf7+ Kh6 70. Qf6+ Kh7 71. Qf7+ Kh6 72. Qf6+ Kh7 73. Kf8 Qa8+ 74. Kf7 Qb7+ 75. Ke8 Qc8+ 76. Ke7 Qc7+ 77. Ke6 Qc6+ 78. Ke5 Qc3+ 79. Ke6 Qc4+ 80. Ke7 Qc5+ 81. Qd6 Qa7+ 82. Qd7 Qe3+ 83. Kf8+ Kg6 84. Qg7+ Kf5 85. Qf7+ Kg4 86. Qg7+ Kh5 87. Qh7+ Kg5 88. Qg7+ Kh4 89. Qh7+ Kg5 90. Qg7+ Kh5 91. Qh7+ Qh6+ 92. Qxh6+ Kxh6 1/2-1/2


[Site "https://www.chess.com"]